 Dungeon Crawl Stone Soup version 0.31.0-9-g3a7656b989 (webtiles) character file.

Game seed: 72872012935186509

872 qw the Skirmisher (level 7, 0/40 HPs)
             Began as a Deep Elf Hunter on Feb 2, 2024.
             Was a Follower of Okawaru.
             Slain by Duvessa
             ... wielding a +0 short sword
              (4 damage)
             ... on level 6 of the Dungeon.
             The game lasted 00:00:15 (4705 turns).

qw the Skirmisher (Deep Elf Hunter)                 Turns: 4705, Time: 00:00:16

Health: 0/40       AC:  7    Str: 10    XL:     7   Next: 74%
Magic:  10/12      EV: 19    Int: 14    God:    Okawaru [*.....]
Gold:   280        SH:  0    Dex: 18    Spells: 6/6 levels left

rFire   . . .        a - +0 shortbow
rCold   . . .        (shield currently unavailable)
rNeg    . . .        j - +1 ring mail
rPois   .            (helmet restricted)
rElec   .            (no cloak)
rCorr   .            (no gloves)
SInv    .            (no boots)
Will    .....        (no amulet)
Stlth   +            b - +5 ring of evasion
HPRegen 0.26/turn    (no ring)
MPRegen 0.13/turn

%: no passive effects
@: lit by a corona, heroic, glowing
A: horns 1, persistent drain
a: Renounce Religion, Heroism


You were on level 6 of the Dungeon.
You worshipped Okawaru.
Okawaru was aware of your devotion.
You visited 1 branch of the dungeon, and saw 6 of its levels.

You collected 280 gold pieces.


Innate Abilities, Weirdness & Mutations

You have a pair of small horns on your head.
Your health recovers twice as slowly from being drained.


   Skills:
 - Level 2.7(7.7) Fighting
 + Level 10.6(15.6) Ranged Weapons
 - Level 3.3(8.3) Dodging
 - Level 1.2(6.2) Stealth
 - Level 4.1 Invocations


You had 6 spell levels left.
You didn't know any spells.
Your spell library was empty.

Inventory:

Hand Weapons
 a - a +0 shortbow (weapon)
Armour
 j - a +1 ring mail (worn)
Jewellery
 b - a +5 ring of evasion (left hand)
Wands
 h - a wand of iceblast (1)
Scrolls
 d - a scroll of enchant weapon {unknown}
Potions
 c - a potion of enlightenment
 g - a potion of mutation

Dungeon Overview and Level Annotations

Branches:
Dungeon (6/15)
 Temple: D:4-7

Altars:
Kikubaaqudgha
Okawaru
Uskayaw

Annotations:
D:6 Dowan, Duvessa


Message History

Duvessa is moderately wounded.
Duvessa misses you. Dowan hits you with a +0 dagger.
You shoot an arrow. The arrow hits Duvessa.
Duvessa is heavily wounded.
Duvessa hits you with a +0 short sword. Dowan barely misses you.
You shoot an arrow. The arrow hits Duvessa.
Duvessa is heavily wounded.
Duvessa hits you but does no damage. Dowan hits you but does no damage.
You shoot an arrow.
The arrow hits Duvessa but does no damage.
Duvessa is heavily wounded.
Duvessa closely misses you. Dowan hits you but does no damage.
You shoot an arrow. The arrow hits Duvessa.
Duvessa is heavily wounded.
Duvessa barely misses you.
Dowan casts a spell at Duvessa.
Duvessa seems to speed up.
4701 ||| INVOKING Heroism.
You gain the combat prowess of a mighty hero.
Duvessa barely misses you. Dowan hits you with a +0 dagger.
Duvessa completely misses you.
You shoot an arrow. The arrow hits Duvessa.
Duvessa is heavily wounded.
Duvessa closely misses you. Dowan misses you.
You shoot an arrow.
The arrow hits Duvessa but does no damage.
Duvessa is heavily wounded.
Duvessa says, "When magic and the sword combine, nothing stands against them."
Duvessa hits you with a +0 short sword.
Dowan says, "My weaknesses are her strengths!"
Dowan points at you and mumbles some strange words.
You are outlined in light.
You shoot an arrow.
The arrow hits Duvessa but does no damage.
Duvessa is heavily wounded.
Duvessa barely misses you. Dowan completely misses you.
You shoot an arrow. The arrow hits Duvessa.
Duvessa is severely wounded.
Duvessa hits you with a +0 short sword.
You die...

.......... ...
...............
.........#.....
#........#.....
#.......#.....
#...........
#.....e.#
#....@e.#
#...#...# #..
##..## #. #...#
.# # ##..# ...##
#..## ....#
#...## ###....##
#....###........
#...............


You could see Duvessa (fast) and Dowan.

Vanquished Creatures
  A water moccasin (D:4)
  An ogre (D:4)
  A phantom (D:5)
  2 scorpions
  A howler monkey (D:6)
  A bombardier beetle (D:5)
  2 jellies (D:5)
  2 sleepcaps (D:5)
  3 iguanas (D:5)
  2 orc wizards
  10 adders
  A river rat (D:5)
  3 dart slugs
  A ribbon worm (D:5)
  12 orcs
  An endoplasm (D:4)
  3 giant cockroaches
  8 goblins
  4 hobgoblins
  2 jackals (D:1)
  5 quokkas
  5 ball pythons
  3 bats
  7 frilled lizards
  3 kobolds
  6 rats
90 creatures vanquished.

Notes
Turn   | Place    | Note
-------+----------+-------------------------------------------
     0 | D:1      | qw the Deep Elf Hunter began the quest for the Orb.
     0 | D:1      | Reached XP level 1. HP: 12/12 MP: 3/3
     0 | D:1      | 0 ||| qw: Version: 0.3-a-155-g5e7d8dd
     0 | D:1      | 0 ||| qw: Game counter: 262
     0 | D:1      | 0 ||| qw: Melee chars always use a shield: true
     0 | D:1      | 0 ||| qw: God list: Okawaru
     0 | D:1      | 0 ||| qw: Allow faded altars: false
     0 | D:1      | 0 ||| qw: Do Orc after clearing Dungeon:15 true
     0 | D:1      | 0 ||| qw: Do second Lair branch before Depths: true
     0 | D:1      | 0 ||| qw: Lair rune preference: random
     0 | D:1      | 0 ||| qw: Goals: Normal
     0 | D:1      | 0 ||| PLANNING D:1-11
   522 | D:1      | Found a faded altar of an unknown god.
   532 | D:1      | Reached skill level 6 in Ranged Weapons
   532 | D:1      | Reached XP level 2. HP: 16/16 MP: 4/4
   891 | D:1      | 891 ||| READING 2 scrolls labelled KAWOOSS MACH.
   891 | D:1      | 891 ||| IDENTIFYING bubbling grey potion
   892 | D:1      | 892 ||| READING scroll of identify.
   892 | D:1      | 892 ||| IDENTIFYING glowing sapphire potion
   893 | D:1      | 893 ||| READING scroll labelled VANO NYOWUOGEQO.
   894 | D:1      | 894 ||| DROPPING scroll of butterflies.
   895 | D:1      | 895 ||| DROPPING potion of berserk rage.
   944 | D:2      | Reached XP level 3. HP: 20/20 MP: 5/5
  1585 | D:2      | 1585 ||| UPGRADING to +0 scale mail.
  1595 | D:2      | 1595 ||| DROPPING +0 leather armour.
  1596 | D:2      | 1596 ||| UPGRADING to +5 ring of evasion.
  1597 | D:2      | 1597 ||| READING scroll of identify.
  1597 | D:2      | 1597 ||| IDENTIFYING murky blue potion
  1598 | D:2      | 1598 ||| DROPPING potion of attraction.
  1653 | D:3      | Reached skill level 7 in Ranged Weapons
  1749 | D:3      | Found a hide-covered altar of Uskayaw.
  1749 | D:3      | Found an ancient bone altar of Kikubaaqudgha.
  1890 | D:3      | Reached XP level 4. HP: 25/25 MP: 6/6
  2006 | D:3      | Found an iron altar of Okawaru.
  2007 | D:3      | 2007 ||| PLANNING OKAWARU WORSHIP
  2111 | D:3      | Reached skill level 8 in Ranged Weapons
  2221 | D:3      | 2221 ||| UPGRADING to +0 ring mail.
  2231 | D:3      | 2231 ||| DROPPING +0 scale mail.
  2232 | D:3      | 2232 ||| READING scroll of identify.
  2232 | D:3      | 2232 ||| IDENTIFYING black potion
  2233 | D:3      | 2233 ||| READING scroll labelled FUMNID PANKUO.
  2234 | D:3      | 2234 ||| READING scroll labelled XITTES TAUNG.
  2335 | D:3      | 2335 ||| DRINKING 2 fuming coppery potions.
  2335 | D:3      | Gained mutation: Your health recovers twice as slowly from
                  | being drained. [potion of mutation]
  2335 | D:3      | Gained mutation: You have a pair of small horns on your
                  | head. [potion of mutation]
  2351 | D:3      | Became a worshipper of Warmaster Okawaru
  2352 | D:3      | 2352 ||| PLANNING D:1-11
  2560 | D:4      | Reached XP level 5. HP: 29/29 MP: 7/7
  2682 | D:4      | Noticed a water moccasin
  2683 | D:4      | 2683 ||| DRINKING potion of haste.
  2696 | D:4      | Killed a water moccasin
  2697 | D:4      | Reached skill level 9 in Ranged Weapons
  3293 | D:4      | Noticed an ogre
  3294 | D:4      | 3294 ||| ZAPPING wand of iceblast (4) at -1,4 (floor).
  3295 | D:4      | 3295 ||| ZAPPING wand of iceblast (3) at -1,4 (ogre;
                  | floor).
  3296 | D:4      | 3296 ||| ZAPPING wand of iceblast (2) at 0,2 (floor).
  3296 | D:4      | Killed an ogre
  3296 | D:4      | Reached * piety under Okawaru
  3297 | D:4      | Reached XP level 6. HP: 36/36 MP: 8/8
  3419 | D:4      | 3419 ||| READING scroll labelled XUKYAF DOLAPP.
  3419 | D:4      | 3419 ||| ENCHANTING +0 ring mail.
  3420 | D:4      | 3420 ||| READING scroll labelled TOAXOY BUSU.
  3433 | D:5      | Entered Level 5 of the Dungeon
  3434 | D:5      | 3434 ||| PLANNING SEWER
  3452 | D:5      | Reached skill level 1 in Invocations
  3647 | D:5      | Reached XP level 7. HP: 40/40 MP: 10/10
  3652 | D:5      | Reached skill level 10 in Ranged Weapons
  3744 | D:5      | HP: 10/40 [orc/+1 trident of flaming (2)]
  3745 | D:5      | 3745 ||| DRINKING potion of heal wounds.
  3762 | D:5      | Reached skill level 3 in Invocations
  3855 | D:5      | Reached skill level 3 in Dodging
  4007 | D:5      | Reached ** piety under Okawaru
  4058 | D:5      | 4058 ||| RIP SEWER
  4222 | D:5      | 4222 ||| PLANNING D:1-11
  4468 | D:5      | 4468 ||| READING 4 scrolls of identify.
  4468 | D:5      | 4468 ||| IDENTIFYING orange potion
  4469 | D:5      | 4469 ||| READING 3 scrolls of identify.
  4469 | D:5      | 4469 ||| IDENTIFYING 2 smoky golden potions
  4470 | D:5      | 4470 ||| READING 2 scrolls of identify.
  4470 | D:5      | 4470 ||| IDENTIFYING scroll labelled NESCHI ZYSS
  4471 | D:5      | 4471 ||| READING scroll of identify.
  4471 | D:5      | 4471 ||| IDENTIFYING 2 scrolls labelled NEFA OVOUDACHA
  4472 | D:5      | 4472 ||| DROPPING 2 potions of brilliance.
  4473 | D:5      | 4473 ||| DROPPING 2 scrolls of immolation.
  4474 | D:5      | 4474 ||| DROPPING scroll of revelation.
  4681 | D:6      | Noticed Duvessa
  4681 | D:6      | Noticed Dowan
  4696 | D:6      | HP: 8/40 [Dowan/+0 dagger (3)]
  4701 | D:6      | 4701 ||| INVOKING Heroism.
  4701 | D:6      | HP: 7/40 [Dowan/+0 dagger (1)]
  4705 | D:6      | Slain by Duvessa

Levels and vault maps discovered:
D:1:      dpeg_arrival_prison, layout_basic, ebering_ecumenical_altar_petrified,
          minivault_5
D:2:      layout_basic
D:3:      layout_loops_ring, gammafunk_temple_overflow_statue,
          mainiacjoe_overflow_catwalk, serial_bayou_ford_a
D:4:      layout_loops_corners, serial_rivers, chequers_serial_rivers_micro_c,
          chequers_serial_rivers_small_b, chequers_serial_rivers_room_b,
          chequers_serial_rivers_large_b
D:5:      layout_basic, gup_sewer_entry_spiral
D:6:      layout_layer_cave, uniq_duvessa

Skill      XL: |  1  2  3  4  5  6  7 |
---------------+----------------------+-----
Ranged Weapons | 6 7 8 9 10 | 10.6
Fighting       | 2 |  2.7
Invocations    | 2 4 |  4.1
Dodging        | 3 |  3.3
Stealth        | |  1.2

Action                     |  1- 3 |  4- 6 |  7- 9 || total
---------------------------+-------+-------+-------++-------
   Fire: Shortbow          |   106 |   146 |   152 ||   404
 Invoke: Heroism           |       |       |     1 ||     1
  Evoke: Wand              |       |     3 |       ||     3
    Use: Scroll            |     4 |     5 |     4 ||    13
         Potion            |       |     2 |     1 ||     3
 Armour: Leather armour    |     8 |       |       ||     8
         Scale mail        |     8 |    24 |       ||    32
         Ring mail         |       |    12 |    49 ||    61
  Dodge: Dodged            |    26 |    52 |    77 ||   155

Table legend:
 A = Non-vault XP
 B = Vault XP
 C = Vault XP percentage of total XP
 D = Non-vault monster count
 E = Vault monster count
 F = Vault count percentage of total count
                 A         B        C        D         E       F
            +---------+---------+-------+---------+---------+-------
      Total |    1210 |      36 |   2.9 |      83 |       7 |   7.8
            +---------+---------+-------+---------+---------+-------
        D:1 |      22 |       1 |   4.3 |      13 |       1 |   7.1
        D:2 |      38 |       0 |   0.0 |      16 |       0 |   0.0
        D:3 |     105 |       0 |   0.0 |      19 |       0 |   0.0
        D:4 |     327 |       0 |   0.0 |      14 |       0 |   0.0
        D:5 |     584 |      35 |   5.7 |      19 |       6 |  24.0
        D:6 |     134 |       0 |   0.0 |       2 |       0 |   0.0
            +---------+---------+-------+---------+---------+-------
